 Dungeon Crawl Stone Soup version 0.30-a0-553-g7fabdf1491 (webtiles) character file.

Game seed: 12048061857391121718

546 stomper the Caller (level 7, -3/41 HPs)
             Began as an Octopode Summoner on Dec 26, 2022.
             Was an Initiate of Gozag.
             Slain by Prince Ribbit (16 damage)
             ... on level 4 of the Dungeon.
             The game lasted 00:08:50 (5219 turns).

stomper the Caller (Octopode Summoner)              Turns: 5219, Time: 00:08:52

Health: -3/41      AC:  1    Str:  8    XL:     7   Next: 28%
Magic:  12/12      EV: 13    Int: 19    God:    Gozag
Gold:   186        SH:  0    Dex: 12    Spells: 4/12 levels left

rFire   . . .      SeeInvis .    (no weapon)
rCold   . . .      Faith    .    (no shield)
rNeg    . . .      Spirit   .    (helmet restricted)
rPois   .          Reflect  .    (no amulet)
rElec   .          Harm     .    (no ring)
rCorr   .          Rampage  .    (no ring)
Will    .....                    (no ring)
Stlth   ++                       (no ring)
HPRegen 0.26/turn                (no ring)
MPRegen 0.13/turn                (no ring)
                                 (no ring)
                                 (no ring)

@: confused
A: almost no armour, amphibious, 8 rings, camouflage 1, gelatinous body 1,
(nimble swimmer 1), tentacles
a: Renounce Religion, Potion Petition, Call Merchant, Bribe Branch


You were on level 4 of the Dungeon.
You worshipped Gozag.
Gozag was aware of your devotion.
You visited 2 branches of the dungeon, and saw 6 of its levels.

You collected 266 gold pieces.
You paid 80 gold pieces to Gozag.


Innate Abilities, Weirdness & Mutations

You cannot wear most types of armour.
You are amphibious.
You can wear up to eight rings at the same time.
Your skin changes colour to match your surroundings (Stealth+).
Your rubbery body absorbs attacks. (AC +1, EV +1)
((You are camouflaged when in or above water. (Stealth+)))
You have tentacles for arms and can constrict up to eight enemies at once.


   Skills:
 - Level 2.0 Dodging
 - Level 2.6 Stealth
 + Level 3.3 Spellcasting
 + Level 6.6 Summonings
 * Level 4.1 Air Magic


You had 4 spell levels left.
You knew the following spells:

 Your Spells              Type           Power      Damage    Failure   Level
c - Call Canine Familiar  Summ           28%        N/A       2%          3
l - Summon Lightning Spi  Summ/Air       23%        N/A       16%         4
s - Summon Small Mammal   Summ           100%       N/A       1%          1

Your spell library contained the following spells:

 Spells                   Type           Power      Damage    Failure   Level
 Call Imp                 Summ           28%        N/A       1%          2
 Summon Guardian Golem    Hex/Summ       15%        N/A       11%         3

Inventory:

Armour
 l - an orb of wrath
   (You found it on level 2 of the Dungeon)
Magical Staves
 k - a staff of earth {!a}
   (You found it on level 2 of the Dungeon)
Wands
 n - a wand of polymorph (9)
   (You found it on level 3 of the Dungeon)
 t - a wand of flame (23)
   (You found it on level 4 of the Dungeon)
Scrolls
 b - 5 scrolls of identify {unknown}
 c - 2 scrolls of enchant weapon {unknown}
 e - 2 scrolls of fog {unknown}
 g - a scroll of enchant armour {unknown}
 h - a scroll of vulnerability {unknown}
 j - a scroll of immolation {unknown}
 p - a scroll of torment {unknown}
 q - a scroll of summoning {unknown}
 r - 2 scrolls of teleportation {unknown}
 s - 2 scrolls of amnesia {unknown}
Potions
 a - 4 potions of magic
 d - a potion of invisibility {unknown}
 f - a potion of curing {@q1}
 i - 3 potions of brilliance
 m - a potion of attraction {unknown}
 o - 2 potions of might

Dungeon Overview and Level Annotations

Branches:
Dungeon (5/15)             Temple (1/1) D:5

Altars:
Ashenzari
Cheibriados
Dithmenos
Elyvilon
Gozag
Hepliaklqana
Kikubaaqudgha
Makhleb
Nemelex Xobeh
Okawaru
Qazlal
Ru
Sif Muna
Uskayaw
Vehumet
Yredelemnul
Zin

Shops:
D:1 =   D:3 =   D:5 [

Annotations:
D:4 Prince Ribbit
D:5 Eustachio

#.........#.#####.#.###.# #.
####......#.#.........#.# #.
######......#.#.###.#.#.#.######.
............#.#.....#.#.#.....##.
###.#.......#.........#.#........
###..........>........#.#.....###
...........###...##...#.#.....#
......#......'..F+....#.#..<..###
#.##.#####.###..@######.#........
...#.........+...# #.#..........
#........#(###...# #............
#.#####.#### #...####.##.........
..........# ######...##......###
#.####..### #.......###......###
........# #................'.#
..#.....# #........##......#.#
..#.....######........##......#..


You could see Prince Ribbit.


Message History

Prince Ribbit blinks!
Your hound bites the orc priest.
The orc priest dies!
Prince Ribbit blinks!
Your hound barely misses the orc.
Your hound bites the orc.
The orc is distracted by your dazzling golden aura.
Prince Ribbit blinks!
Your hound bites the orc.
The orc is no longer distracted by gold.
Your hound bites the orc.
The orc hits your hound with a +0 hand axe.
Your hound closely misses the orc.
Prince Ribbit lets out a mournful croak.
You hear some strange, mumbled words.
You are confused.
Prince Ribbit is distracted by your dazzling golden aura.
Your hound misses the orc.
The orc hits your hound with a +0 hand axe!
Your hound bites the orc.
The orc dies!
Unknown command.
You bump into the rock wall.
Prince Ribbit is no longer distracted by gold.
Something hits you.
Unknown command.
You miss something. Your squeeze misses something.
Prince Ribbit closely misses you. Prince Ribbit hits you!!
Your hound bites something.
You hear some strange, mumbled words.
A puff of flame appears from out of thin air!
The puff of flame hits you.
* * * LOW HITPOINT WARNING * * *
Unknown command.
Are you sure you want to stumble around while confused and next to your hound?
Okay, then.
Unknown command.
It was a potion of might.
You feel very mighty all of a sudden.
Prince Ribbit is distracted by your dazzling golden aura.
Your hound closely misses something.
You hear some strange, mumbled words.
Something tries to affect you, but you resist.
Prince Ribbit gives a loud, deep croak!
Unknown command.
It was a potion of brilliance.
You feel clever all of a sudden.
Your hound bites something.
Something hits you.
* * * LOW HITPOINT WARNING * * *
Your hound misses something.
Unknown command.
It was a potion of curing.
You feel better.
Your hound barely misses something.
Something hits you.
* * * LOW HITPOINT WARNING * * *
Unknown command.
You swap places.
Your hound bites something.
Something hits you.
* * * LOW HITPOINT WARNING * * *
Your hound bites something.
Your hound bites something but does no damage.
Something hits your hound.
Prince Ribbit is no longer distracted by gold.
Prince Ribbit blinks!
Your hound barely misses something.
Something hits your hound but does no damage.
Your hound bites something.
There is a stone staircase leading up here.
Your hound bites something but does no damage.
Something misses your hound.
You climb upwards.
Reactivating autopickup.
There is a stone staircase leading down here.
You start resting.
You start resting.
You feel a little less mighty now.
You start resting.
You feel a little less clever now.
You start resting.
You start waiting.
Done waiting.
You climb downwards.
Level annotation: Eustachio, Prince Ribbit The orc wizard casts a spell at you.
You are confused.
Prince Ribbit blinks!
There is a stone staircase leading up here.
Prince Ribbit misses you.
The orc wizard points at you and mumbles some strange words.
You are more confused.
You climb upwards.
There is a stone staircase leading down here.
Unknown command.
Unknown command.
Unknown command.
Unknown command.
You're too confused to move!
Prince Ribbit blinks!
Prince Ribbit hops awkwardly around.
Prince Ribbit misses you. Prince Ribbit hits you!
Unknown command.
Prince Ribbit attacks as you move away! Prince Ribbit hits you!
* * * LOW HITPOINT WARNING * * *
Prince Ribbit hits you!
You die...
Your body crumbles into a pile of gold.

Skill      XL: |  1  2  3  4  5  6  7 |
---------------+----------------------+-----
Summonings     | 5 6 |  6.6
Air Magic      | 2 3 4 |  4.1
Spellcasting   | 3 |  3.3
Dodging        | |  2.0
Stealth        | |  2.6

Action                   |  1- 3 |  4- 6 |  7- 9 || total
-------------------------+-------+-------+-------++-------
Melee: Unarmed           |    54 |    66 |     9 ||   129
       Constrict         |    18 |    15 |     2 ||    35
       Tentacles         |     9 |    17 |       ||    26
 Cast: Summon Small Mamm |    47 |    25 |     5 ||    77
       Call Canine Famil |       |    15 |    13 ||    28
  Use: Potion            |       |       |     3 ||     3
 Stab: Sleeping          |     1 |     7 |       ||     8
       Distracted        |       |     2 |       ||     2
Armor: Skin              |     4 |     4 |     1 ||     9
Dodge: Dodged            |    54 |    34 |    16 ||   104

Levels and vault maps discovered:
D:1:      dreamdust_arrival_beginning_and_end, layout_basic, serial_shops,
          nicolae_shop_hallway_plus
D:2:      layout_basic
D:3:      layout_basic, serial_shops, shop
D:4:      layout_basic
D:5:      layout_loops_ring, minmay_temple_entry_water_ring, serial_shops,
          nicolae_shop_statue_plus, uniq_eustachio, uniq_prince_ribbit1
Temple:   nicolae_temple_bog_church

Notes
Turn   | Place    | Note
-------+----------+-------------------------------------------
     0 | D:1      | stomper the Octopode Summoner began the quest for the Orb.
     0 | D:1      | Reached XP level 1. HP: 11/11 MP: 3/3
   273 | D:1      | Reached XP level 2. HP: 11/17 MP: 1/5
   562 | D:1      | Reached XP level 3. HP: 21/21 MP: 2/6
   639 | D:1      | Reached skill level 5 in Summonings
   678 | D:1      | Found Boazazedd's Jewellery Shop.
  1755 | D:2      | Reached XP level 4. HP: 24/27 MP: 4/7
  2473 | D:2      | Learned a level 3 spell: Call Canine Familiar
  2843 | D:3      | Found Usixec's Jewellery Shoppe.
  3225 | D:4      | Reached skill level 6 in Summonings
  3225 | D:4      | Reached XP level 5. HP: 31/31 MP: 5/8
  3226 | D:4      | Reached skill level 1 in Air Magic
  3304 | D:4      | Reached skill level 2 in Air Magic
  3577 | D:4      | Reached XP level 6. HP: 28/36 MP: 7/10
  3759 | D:4      | Reached skill level 3 in Air Magic
  4166 | D:5      | Entered Level 5 of the Dungeon
  4225 | D:5      | Noticed an ice beast
  4241 | D:5      | Killed an ice beast
  4242 | D:5      | Reached skill level 3 in Spellcasting
  4242 | D:5      | Reached XP level 7. HP: 41/41 MP: 5/11
  4302 | D:5      | Found Dumuurph's Antique Armour Shoppe.
  4354 | D:5      | Found a staircase to the Ecumenical Temple.
  4372 | Temple   | Entered the Ecumenical Temple
  4514 | Temple   | Became a worshipper of Gozag Ym Sagoz the Greedy
  4730 | D:5      | Noticed Eustachio
  4738 | D:5      | HP: 8/41 [Eustachio/+0 rapier (7)]
  4923 | D:4      | Learned a level 4 spell: Summon Lightning Spire
  4954 | D:5      | Reached skill level 4 in Air Magic
  4998 | D:5      | Noticed Prince Ribbit
  5219 | D:4      | Slain by Prince Ribbit

Vanquished Creatures
  A bullfrog (D:4)
  An iguana (D:4)
  An orc wizard (D:4)
  2 adders (D:2)
  A worm (D:4)
  An orc (D:2)
  3 ball pythons
  2 bats (D:1)
  4 endoplasms
  A giant cockroach (D:1)
  3 goblins
  4 hobgoblins
  2 quokkas (D:4)
  2 frilled lizards (D:1)
  2 kobolds
  3 rats
33 creatures vanquished.

Vanquished Creatures (collateral kills)
  An ice beast (D:5)
  A scorpion (D:4)
  An orc priest (D:5)
  A hound (D:5)
  A jelly (D:5)
  An iguana (D:5)
  An orc wizard (D:4)
  A gnoll (D:1)
  2 adders
  An ufetubus (D:5)
  A worm (D:4)
  2 dart slugs
  8 orcs
  A bat (D:1)
  3 endoplasms
  2 giant cockroaches
  4 goblins
  2 hobgoblins
  A quokka (D:5)
  5 ball pythons
  4 kobolds
  A rat (D:2)
45 creatures vanquished.

Grand Total: 78 creatures vanquished

Table legend:
 A = Non-vault XP
 B = Vault XP
 C = Vault XP percentage of total XP
 D = Non-vault monster count
 E = Vault monster count
 F = Vault count percentage of total count
                 A         B        C        D         E       F
            +---------+---------+-------+---------+---------+-------
      Total |     780 |       0 |   0.0 |      78 |       0 |   0.0
            +---------+---------+-------+---------+---------+-------
        D:1 |      63 |       0 |   0.0 |      30 |       0 |   0.0
        D:2 |      43 |       0 |   0.0 |      11 |       0 |   0.0
        D:3 |      28 |       0 |   0.0 |       9 |       0 |   0.0
        D:4 |     320 |       0 |   0.0 |      16 |       0 |   0.0
        D:5 |     326 |       0 |   0.0 |      12 |       0 |   0.0
            +---------+---------+-------+---------+---------+-------

Illustrated notes

Table legend:
 A = Kills in this place as a percentage of kills in entire the game.
 B = Kills by you in this place as a percentage of kills by you in the entire game.
 C = Kills by friends in this place as a percentage of kills by friends in the entire game.
 D = Other kills in this place as a percentage of other kills in the entire game.
 E = Experience gained in this place as a percentage of experience gained in the entire game.
 F = Experience gained in this place divided by the number of levels of this place that you have seen.
                   A       B       C       D       E      F
               +-------+-------+-------+-------+-------+----------------------
         Total | 100.0 | 100.0 | 100.0 |   N/A | 100.0 | 130.0
       Dungeon | 100.0 | 100.0 | 100.0 |   N/A | 100.0 | 156.0
               +-------+-------+-------+-------+-------+----------------------

Table legend: (Time is in decaauts)
 A = Elapsed time spent in this place.
 B = Non-inter-level travel time spent in this place.
 C = Inter-level travel time spent in this place.
 D = Time resting spent in this place.
 E = Time spent auto-exploring this place.
 F = Levels seen in this place.
 G = Mean time per level.
                   A        B        C        D        E       F      G
               +--------+--------+--------+--------+--------+-----+--------+
         Total |   5219 |   4831 |    388 |    339 |   3696 |   6 |  869.8 |
       Dungeon |   5068 |   4706 |    362 |    339 |   3586 |   5 | 1013.6 |
        Temple |    151 |    125 |     26 |      0 |    110 |   1 |  151.0 |
               +--------+--------+--------+--------+--------+-----+--------+

Top non-repeatable levels by time:
     D:1: 1605 daAuts
     D:4: 1343 daAuts
     D:2: 876 daAuts
     D:3: 649 daAuts
     D:5: 593 daAuts
  Temple: 151 daAuts
